Map: Acolyte LE

Players

Winthrowe - Winner!

  • Race: Terran Terran
  • League: Silver
  • Spawn Location: 7:00

Nikitta

  • Race: Terran Terran
  • Spawn Location: 1:00

VOD

Have the link to the VOD?

Description

Time

  • Played on: Aug. 29, 2017, 7:20 p.m.
  • Length: 25:22
Show
View Real Time Build Order
Export as new Build Order

Winthrowe Terran - Winner!

Build Orders: MMM Bio 

Get SALT Encoding   

  12  0:02  SCV  
  13  0:14  SCV  
  13  0:20  Supply Depot  
  14  0:27  SCV  
  15  0:41  SCV  
  16  0:46  Barracks  
  16  0:53  SCV  
  17  0:58  Refinery  
  17  1:06  SCV  
  18  1:19  SCV  
  19  1:35  SCV  
  20  1:40  Command Center  
  20  1:42  Marine  
  21  1:47  SCV  
  21  1:52  Supply Depot  
  22  1:59  SCV  
  23  2:14  SCV  
  24  2:16  Factory  
  24  2:23  Marine  
  24  2:27  SCV  
  26  2:37  Refinery  
  26  2:40  SCV  
  26  2:44  Barracks Reactor  
  27  2:52  SCV  
  27  2:57  Refinery  
  28  3:07  Starport, SCV  
  28  3:08  SCV  
  30  3:22  Factory Tech Lab  
  30  3:24  Marine x2  
  32  3:30  SCV x2  
  34  3:43  Orbital Command  
  34  3:44  Orbital Command  
  34  3:52  Barracks  
  34  4:03  Engineering Bay  
  34  4:04  Engineering Bay  
  34  4:08  Medivac  
  36  4:15  SCV x2  
  38  4:27  SCV x2  
  38  4:31  Armory  
  40  4:34  Marine x2  
  40  4:36  Hellion  
  44  4:42  Command Center  
  44  4:49  Barracks Tech Lab  
  44  4:58  Starport Reactor  
  44  5:07  Siege Tank  
  47  5:11  Supply Depot  
  47  5:13  SCV x2  
  49  5:15  Marine x2  
  51  5:24  Marauder  
  53  5:29  SCV  
  53  5:32  SCV  
  53  5:33  Marine x2  
  57  5:39  Siege Tank, Supply Depot  
  57  5:41  SCV  
  61  5:44  SCV, Medivac  
  61  5:46  Marauder  
  66  5:54  SCV  
  66  5:57  SCV x2  
  69  6:01  Supply Depot  
  69  6:03  Marine x2, Refinery  
  71  6:06  SCV  
  71  6:08  Viking  
  77  6:13  Combat Shields  
  77  6:24  Supply Depot  
  74  6:41  Stimpack  
  74  6:44  Hellion x2  
  78  6:47  Medivac x2  
  78  6:50  Marine x2  
  84  6:55  Terran Infantry Weapons Level 1  
  84  6:56  Terran Infantry Armor Level 1  
  84  7:00  Terran Vehicle And Ship Armor Level 1  
  84  7:08  Marine x2  
  84  7:14  SCV x3  
  89  7:19  Supply Depot  
  89  7:26  Marauder  
  89  7:27  Hellion x2, Marauder  
  89  7:29  Viking x2  
  101  7:39  Concussive Shells  
  101  7:42  Supply Depot  
  101  7:48  Marauder x2  
  101  7:49  SCV x2, Hellion x2  
  112  7:57  Orbital Command  
  111  8:05  Supply Depot  
  111  8:08  Viking  
  111  8:09  Viking, Marauder x2  
  119  8:15  Command Center  
  119  8:17  Refinery  
  119  8:28  Supply Depot  
  119  8:29  Hellion x2  
  119  8:31  Marauder x2  
  127  8:38  Viking  
  127  8:39  Viking  
  131  8:43  SCV x2  
  133  8:49  SCV  
  133  8:50  Hellion  
  133  8:51  Hellion  
  138  8:56  Supply Depot  
  138  9:01  Marauder  
  140  9:18  Hellbat x2, Marauder  
  140  9:19  Supply Depot  
  140  9:22  Viking x2  
  150  9:24  Marine  
  150  9:29  Terran Infantry Armor Level 2, Terran Infantry Weapons Level 2  
  151  9:38  Terran Vehicle Weapons Level 1  
  151  9:39  Marine  
  151  9:42  Marine, Hellbat, Supply Depot  
  151  9:43  Hellbat  
  157  9:53  SCV  
  157  9:54  SCV x2  
  157  9:57  Marine  
  161  10:00  Marauder  
  161  10:03  Planetary Fortress  
  161  10:04  Hellbat, Hellion  
  161  10:06  Supply Depot  
  161  10:07  Viking  
  169  10:11  Viking  
  171  10:15  Marauder  
  173  10:22  Marauder  
  173  10:25  Hellbat x2  
  179  10:29  Supply Depot, Refinery x2  
  179  10:32  SCV x2  
  179  10:33  SCV  
  182  10:36  Marauder  
  184  10:42  Marine  
  184  10:47  Hellbat x2  
  189  10:51  Supply Depot, Command Center  
  189  10:52  Viking x2  
  193  10:57  Marine  
  193  11:00  Marine  
  195  11:08  Hellbat, Hellion, Command Center  
  199  11:14  Supply Depot  
  199  11:15  Marine  
  200  12:15  Refinery  
  200  12:27  Planetary Fortress  
  200  12:39  Refinery  
  200  12:52  Refinery  
  200  13:19  Refinery  
  200  14:19  Terran Infantry Armor Level 3, Terran Infantry Weapons Level 3  
  200  14:23  Terran Vehicle Weapons Level 2  
  200  15:18  Infernal Pre-Igniter  
  200  15:32  Cloaking Field  
  200  16:08  Planetary Fortress  
  200  16:37  Drilling Claws  
  200  16:39  Terran Vehicle And Ship Armor Level 2  
  200  16:45  Command Center  
  200  16:50  Recalibrated Explosives  
  200  16:52  Armory  
  200  16:57  Ghost Academy  
  200  17:02  Fusion Core  
  180  17:26  Marine x2, Command Center  
  180  17:27  Marine x2  
  180  17:29  Hellbat  
  179  17:31  Medivac  
  181  17:44  Marine  
  181  17:49  Marine x2  
  181  17:50  Marine  
  181  17:51  Hellbat  
  187  17:56  Neosteel Frame  
  187  17:57  Hi-Sec Auto Tracking  
  187  18:01  Medivac  
  187  18:02  Marine  
  187  18:04  Terran Ship Weapons Level 1  
  190  18:07  Marine x2  
  190  18:08  Weapon Refit  
  190  18:09  Corvid Reactor  
  190  18:10  Personal Cloaking  
  190  18:12  Hellbat  
  194  18:14  Command Center  
  194  18:28  Ghost Academy  
  194  18:31  Ghost Academy x2, Medivac  
  196  18:53  Building Armor  
  196  18:55  Terran Vehicle Weapons Level 3  
  196  19:04  Ghost  
  196  19:08  Marine x2  
  200  19:28  High Capacity Fuel Tanks  
  200  19:35  Nuke  
  200  19:55  Planetary Fortress, Refinery  
  200  20:00  Planetary Fortress  
  200  20:11  Nuke x3, Refinery  
  200  20:25  Hyperflight Rotors  
  200  21:13  Hellion  
  200  21:21  Hellion  
  200  22:08  Terran Ship Weapons Level 2  
  200  22:09  Terran Vehicle And Ship Armor Level 3  
Show
View Real Time Build Order
Export as new Build Order

Nikitta Terran 

Build Orders:  

Get SALT Encoding   

  12  0:03  SCV  
  13  0:18  SCV, Supply Depot  
  14  0:30  SCV  
  15  0:43  SCV  
  16  0:55  SCV  
  17  1:00  Refinery  
  17  1:07  SCV  
  18  1:19  SCV  
  19  1:31  SCV  
  20  1:43  SCV  
  21  1:48  Supply Depot  
  21  1:55  SCV  
  22  2:07  SCV  
  23  2:11  Supply Depot  
  23  2:17  Command Center  
  23  2:19  SCV  
  24  2:30  Barracks  
  24  2:34  Supply Depot  
  24  2:56  Supply Depot  
  24  3:16  Engineering Bay  
  24  3:27  Barracks Reactor  
  24  3:35  Supply Depot  
  24  3:42  SCV  
  25  3:55  SCV  
  26  3:56  Bunker  
  26  4:00  Missile Turret  
  26  4:07  SCV  
  27  4:12  Factory  
  27  4:13  Marine  
  27  4:14  Marine  
  29  4:19  SCV  
  29  4:20  Missile Turret  
  30  4:29  Supply Depot  
  30  4:31  Marine x2, SCV  
  33  4:43  SCV, Barracks  
  34  4:47  Terran Infantry Weapons Level 1  
  34  4:49  Marine x2  
  36  4:55  SCV  
  37  5:03  Supply Depot  
  37  5:07  Marine x2, SCV  
  40  5:19  SCV  
  40  5:21  Starport  
  41  5:25  Marine x2  
  43  5:31  SCV  
  44  5:37  Missile Turret  
  44  5:42  Marine  
  44  5:43  Marine, Barracks Reactor  
  46  5:50  Factory Reactor  
  46  5:57  Missile Turret  
  46  6:00  Marine x2  
  48  6:12  Starport Tech Lab  
  48  6:18  Marine x2  
  50  6:33  Refinery  
  50  6:36  Marine x2  
  52  6:42  Banshee  
  55  6:54  Reaper x2  
  55  7:00  SCV  
  58  7:12  SCV  
  59  7:18  Supply Depot  
  59  7:24  SCV  
  59  7:26  Reaper x2  
  62  7:31  Fusion Core  
  62  7:36  SCV  
  63  7:42  Missile Turret  
  63  7:48  SCV  
  64  7:56  SCV  
  65  8:00  Marine x2  
  65  8:03  Marine x2, Missile Turret  
  69  8:06  Banshee  
  69  8:08  SCV  
  73  8:17  Marine x2  
  75  8:20  Marine, SCV  
  75  8:21  Marine  
  75  8:22  SCV  
  75  8:24  Refinery  
  79  8:32  SCV  
  80  8:34  SCV  
  80  8:35  Marine x2  
  80  8:38  Marine x2  
  85  8:44  SCV  
  86  8:49  Banshee  
  86  8:53  Marine x2, Sensor Tower  
  91  8:56  Marine x2  
  93  9:17  Command Center  
  93  9:18  Marine x2  
  93  9:23  Marine x2  
  97  9:32  Banshee  
  97  9:36  Marine x2  
  102  9:57  Supply Depot  
  102  10:18  Marine x4  
  102  10:19  SCV  
  107  10:28  Supply Depot x2  
  107  10:29  Battlecruiser  
  107  10:31  SCV  
  114  10:36  Marine x4  
  114  10:37  Terran Infantry Armor Level 1  
  114  10:40  Weapon Refit  
  118  10:43  SCV  
  119  10:54  Marine x2  
  119  10:55  SCV  
  122  11:00  SCV, Supply Depot  
  123  11:07  SCV  
  124  11:12  SCV  
  125  11:24  SCV  
  126  11:33  Battlecruiser  
  126  11:36  SCV  
  133  11:48  SCV  
  133  11:51  Supply Depot  
  134  12:00  SCV  
  135  12:13  SCV  
  135  12:15  Supply Depot  
  136  12:25  SCV  
  137  12:38  Battlecruiser  
  143  12:46  Refinery  
  143  12:53  Supply Depot  
  143  12:59  Supply Depot  
  143  13:17  Supply Depot  
  143  13:22  Supply Depot  
  143  13:28  Barracks  
  143  13:42  Battlecruiser  
  149  14:00  Supply Depot  
  149  14:07  Supply Depot  
  149  14:22  Supply Depot  
  149  14:25  Missile Turret  
  149  14:42  Missile Turret  
  149  14:46  Battlecruiser  
  155  14:57  Marine x2, Missile Turret  
  157  15:00  Marine x2  
  159  15:09  Cyclone x2  
  165  15:15  Marine x2  
  165  15:18  Marine x2  
  169  15:32  Marine  
  169  15:33  Marine  
  171  15:35  Marine  
  171  15:36  Marine, Supply Depot  
  171  15:41  Cyclone x2  
  179  15:43  Supply Depot  
  179  15:50  Viking, Marine x2  
  179  15:53  Marine x2  
  185  15:58  Supply Depot  
  185  16:05  Supply Depot  
  185  16:13  Cyclone x2  
  191  16:20  Viking  
  191  16:21  Marine  
  191  16:22  Marine  
  191  16:25  Marine x2  
  197  16:39  Marine x2  
  198  16:43  Marine  
  109  17:31  Marine x2  
  109  17:34  Marine x2  
  113  17:37  Viking  
  113  17:40  Cyclone  
  113  17:41  Cyclone  
  121  17:49  Marine x2  
  123  17:52  Marine x2  
  125  18:07  Marine x2, Viking  
  125  18:09  Marine x2  
  131  18:13  Cyclone x2  
  137  18:24  Marine  
  137  18:25  Marine  
  139  18:27  Marine x2  
  141  18:37  Viking  
  143  18:43  Reaper x2  
  143  18:45  Reaper x2, Cyclone x2, Refinery  
  153  19:07  Viking  
  155  19:15  Reaper x2  
  157  19:17  Reaper, Cyclone x2  
  157  19:18  Reaper  
  165  19:37  Viking  
  167  19:47  Reaper x2  
  167  19:49  Starport, Reaper  
  167  19:50  Reaper  
  171  20:07  Viking  
  173  20:19  Marine x2  
  175  20:21  Marine x2  
  177  20:36  Marine  
  177  20:37  Marine, Viking, Command Center  
  177  20:39  Marine x2  
  183  20:52  Refinery  
  183  20:54  Marine x2  
  185  20:57  Marine x2  
  187  21:07  Viking  
  187  21:08  Widow Mine x2  
  193  21:12  Marine x2  
  193  21:14  Starport Tech Lab  
  193  21:15  Marine x2  
  197  21:30  Marine x2  
  199  21:33  Marine  
  200  22:03  Supply Depot  
  200  22:09  Supply Depot  
  200  23:03  Marine x2  
  189  23:07  Marine x2  
  189  23:10  Battlecruiser  
  163  23:13  Hellion x2  
  165  23:21  Marine x2  
  165  23:24  Marine  
  165  23:25  Marine  
  155  23:34  Hellion  
  155  23:35  Hellion  
  155  23:39  Marine x2  
  138  23:42  Marine x2  
  89  23:54  Viking  
  91  23:56  Marine, Hellion x2  
  91  23:57  Marine  
  91  24:00  Marine x2  
  92  24:15  Battlecruiser  
  77  24:17  Hellion x2  
  77  24:24  Viking  
  83  24:48  Reaper x2  
  85  25:06  Refinery  
Tags
 
Composition
MMM Bio
League
Silver
Matchup
TvT
Race
Terran
Spawn Locations
Cross Positions
Add a new tag
Caveats
  • Supply blocks, unpowered buildings, or Contaminate may cause inaccurate times.
  • Supply counts are checked every 10 seconds.